 Dungeon Crawl Stone Soup version 0.31.0-11-ge490571c62 (webtiles) character file.

Game seed: 16739844928781849859

19721 hawla the Protected (level 12, -11/90 HPs)
             Began as a Minotaur Fighter on Feb 5, 2024.
             Was an Elder of Makhleb.
             Mangled by a tengu warrior
             ... wielding a +2 great mace
              (19 damage)
             ... on level 14 of the Dungeon.
             The game lasted 00:37:18 (15823 turns).

hawla the Protected (Minotaur Fighter)             Turns: 15823, Time: 00:37:19

Health: -11/90     AC: 14    Str: 26    XL:     12   Next: 39%
Magic:  18/18      EV: 17    Int:  5    God:    Makhleb [****..]
Gold:   992        SH:  0    Dex: 10    Spells: 15/17 levels left

rFire   + . .        w - +4 battleaxe
rCold   . . .        (shield currently unavailable)
rNeg    . . .        C - +0 scale mail
rPois   +            (helmet unavailable)
rElec   .            e - +0 cloak
rCorr   .            i - +1 pair of gloves
SInv    .            v - +0 pair of boots
Will    .....        (no amulet) Stlth
                     n - +5 ring of evasion
HPRegen 0.35/turn    (no ring)
MPRegen 0.16/turn

%: no passive effects
@: studying Fire Magic
A: horns 3, retaliatory headbutt, fire resistance 1, frail 1, poison resistance
a: Renounce Religion, Minor Destruction, Lesser Servant of Makhleb, Major
Destruction


You were on level 14 of the Dungeon.
You worshipped Makhleb.
Makhleb was greatly pleased with you.
You visited 2 branches of the dungeon, and saw 15 of its levels.

You collected 1380 gold pieces.
You spent 388 gold pieces at shops.

Inventory:

Hand Weapons
 w - a +4 battleaxe (weapon)
Missiles
 a - 17 boomerangs
 o - 23 poisoned darts (quivered)
 p - a throwing net
 s - 16 darts of dispersal
 D - 12 curare-tipped darts
Armour
 e - a +0 cloak (worn)
 f - an orb of mayhem
 i - a +1 pair of gloves (worn)
 l - the +0 kite shield "Raetzunga" {Regen+}
   (You acquired it on level 14 of the Dungeon)

   Regen+:    It increases your rate of health regeneration.
 v - a +0 pair of boots (worn)
 C - a +0 scale mail (worn)
 E - a +0 kite shield
 F - a +0 plate armour
 G - a +2 robe of positive energy
Jewellery
 n - a +5 ring of evasion (left hand)
Wands
 u - a wand of charming (17)
 x - a wand of mindburst (6)
 B - a wand of flame (11)
Scrolls
 b - a scroll of identify
 c - a scroll of amnesia
 j - 2 scrolls of revelation
 q - 9 scrolls of fog
 t - a scroll of vulnerability
Potions
 d - 5 potions of might
 g - a potion of invisibility
 h - 7 potions of curing
 k - a potion of cancellation
 m - a potion of attraction
 r - 2 potions of berserk rage
 z - 4 potions of lignification
 H - a potion of brilliance
 I - a potion of mutation
 J - a potion of magic


   Skills:
 - Level 8.0 Fighting
 + Level 8.9 Axes
 - Level 6.0 Throwing
 - Level 10.0 Armour
 - Level 6.0 Dodging
 - Level 10.0 Shields
 - Level 3.0 Spellcasting
 - Level 5.0 Fire Magic
 - Level 10.0 Invocations
 - Level 4.0 Evocations


You had 15 spell levels left.
You knew the following spells:

 Your Spells              Type           Power      Damage    Failure   Level
a - Scorch                Fire           10%        2d5       16%         2

Your spell library contained the following spells:

 Spells                   Type           Power      Damage    Failure   Level
 Sting                    Conj/Alch      0%         1d3       61%         1
 Ensorcelled Hibernation  Hex/Ice        0%         N/A       75%         2
 Mercury Vapours          Alch/Air       0%         N/A       75%         2
 Hailstorm                Conj/Ice       0%         3d5       93%         3
 Passwall                 Erth           0%         N/A       93%         3
 Summon Ice Beast         Ice/Summ       0%         N/A       93%         3
 Swiftness                Air            0%         N/A       93%         3
 Flame Wave               Conj/Fire      3%         2d5       95%         4
 Olgreb's Toxic Radiance  Alch           0%         N/A       100%        4
 Sculpt Simulacrum        Ice/Alch       0%         N/A       100%        6
 Summon Cactus Giant      Summ           0%         N/A       100%        6


Dungeon Overview and Level Annotations

Branches:
Dungeon (14/15)            Temple (1/1) D:7            Lair (0/5) D:8
    Orc (0/2) D:10
 Vaults: D:13-14

Altars:
Ashenzari
Cheibriados
Dithmenos
Elyvilon
Fedhas
Gozag
Hepliaklqana
Kikubaaqudgha
Makhleb
Nemelex Xobeh
Okawaru
Qazlal
Ru
Sif Muna
Trog
Uskayaw
Vehumet
Wu Jian
Xom
Yredelemnul
Zin
The Shining One

Shops:
D:2 (?   D:7 *

Annotations:
D:7 Maurice
D:13 2 transporters, Bilof's ghost, journeyman HOFi


Innate Abilities, Weirdness & Mutations

You have a pair of large horns on your head.
You reflexively headbutt those who attack you in melee.
Your flesh is heat resistant. (rF+)
You are frail. (-10% HP)
Your system is resistant to poisons. (rPois)


Message History

You barely miss the tengu warrior. You headbutt the tengu warrior!
The tengu warrior is moderately wounded.
The tengu warrior misses you.
The tengu warrior pecks you but does no damage.
The tengu warrior barely misses you. The tengu warrior closely misses you.
You furiously retaliate!
You headbutt the tengu warrior!
The tengu warrior pecks you but does no damage.
The tengu warrior closely misses you.
You hit the tengu warrior. Your headbutt misses the tengu warrior.
The tengu warrior is heavily wounded.
The tengu warrior hits you with a +2 great mace.
The tengu warrior pecks you but does no damage.
The tengu warrior barely misses you.
You closely miss the tengu warrior.
The tengu warrior is heavily wounded.
The tengu warrior closely misses you. You furiously retaliate!
You headbutt the tengu warrior!
The tengu warrior closely misses you. x2
You barely miss the tengu warrior. You headbutt the tengu warrior.
The tengu warrior is almost dead.
The tengu warrior hits you with a +2 great mace!
The tengu warrior pecks you but does no damage.
The tengu warrior completely misses you.
You barely miss the tengu warrior.
The tengu warrior is almost dead.
The tengu warrior hits you but does no damage.
The tengu warrior barely misses you.
The tengu warrior closely misses you. x2
The tengu warrior pecks you.
* * * LOW HITPOINT WARNING * * *
The tengu warrior claws you but does no damage.
You closely miss the tengu warrior. Your headbutt misses the tengu warrior.
The tengu warrior is almost dead.
The tengu warrior hits you with a +2 great mace!!
* * * LOW HITPOINT WARNING * * *
The tengu warrior pecks you.
* * * LOW HITPOINT WARNING * * *
The tengu warrior claws you but does no damage.
You completely miss the tengu warrior.
The tengu warrior is almost dead.
The tengu warrior hits you with a +2 great mace!!
You die...

...#.#### ....##..
... #...##.# .(.
##...##.# #.#
.....##.# ...
.....##.### #.#
..........#### #.#
..####..#.##.###.#
..#
#..#.#.#.##@###.#
###
#..#..#...Q.....#
#
#..#........#####
# #..####.##### #
...# #.# # #.##
#.# # # #.# #.#
#.# #.# ..### #.


You could see a tengu warrior.

Vanquished Creatures
  A centaur warrior (D:14)
  A boulder beetle (D:11)
  A hydra (D:9)
  A two-headed ogre (D:8)
  Pikel (D:5)
  A deep elf pyromancer (D:13)
  7 ugly things
  2 manticores
  Jeremiah (D:8)
  2 gargoyles (D:12)
  3 kobold demonologists
  An unseen horror (D:10)
  Maggie (D:7)
  A komodo dragon (D:11)
  2 trolls
  3 wraiths
  A shadow (D:11)
  A vampire (D:10)
  4 wyverns
  A basilisk (D:13)
  10 yaks
  8 vampire mosquitoes
  Menkaure (D:4)
  2 acid dragons
  Edmund (D:5)
  Duvessa (D:7)
  A water moccasin (D:8)
  6 orc warriors
  A black bear (D:6)
  3 ice beasts
  A sky beast (D:8)
  2 ogres
  15 centaurs
  A lemure (D:5)
  10 kobold brigands
  A bullfrog (D:6)
  A gnoll sergeant (D:11)
  5 scorpions
  7 wights
  Dowan (D:7)
  8 killer bees
  3 howler monkeys (D:12)
  2 bombardier beetles
  5 electric eels
  A jelly (D:7)
  7 orc priests
  2 hounds (D:6)
  Crazy Yiuf (D:7)
  3 gnoll boudas
  A sleepcap (D:6)
  An iguana (D:6)
  6 orc wizards
  8 adders
  17 gnolls
  2 shadow imps
  2 white imps
  2 ufetubi (D:6)
  2 dart slugs
  26 orcs
  6 ball pythons
  4 endoplasms
  3 giant cockroaches
  10 goblins
  5 hobgoblins
  5 jackals
  3 quokkas
  3 bats
  A frilled lizard (D:1)
  37 kobolds
  4 rats
294 creatures vanquished.

Vanquished Creatures (others)
  An efreet (D:14)
  An orc wizard (D:8)
  2 orcs (D:8)
4 creatures vanquished.

Grand Total: 298 creatures vanquished

Notes
Turn   | Place    | Note
-------+----------+-------------------------------------------
     0 | D:1      | hawla the Minotaur Fighter began the quest for the Orb.
     0 | D:1      | Reached XP level 1. HP: 19/19 MP: 0/0
    86 | D:1      | Found a faded altar of an unknown god.
   186 | D:1      | Reached XP level 2. HP: 27/27 MP: 1/1
   582 | D:1      | Reached skill level 1 in Dodging
   763 | D:2      | Reached XP level 3. HP: 33/33 MP: 2/2
   763 | D:2      | Found Kaas's Magic Scroll Shoppe.
   779 | D:2      | Found Innoweek's Weapon Emporium.
   969 | D:2      | Bought a scroll of identify for 20 gold pieces
  1336 | D:3      | Gained mutation: Your system is resistant to poisons.
                  | (rPois) [potion of mutation]
  1336 | D:3      | Gained mutation: You have hidden genetic defects. [potion
                  | of mutation]
  1336 | D:3      | Gained mutation: You possess an exceptional clarity of
                  | mind. [potion of mutation]
  1349 | D:3      | Reached XP level 4. HP: 24/40 MP: 3/3
  1360 | D:3      | Gained mutation: Your magical capacity is low. (-10% MP)
                  | [hidden defects]
  1582 | D:3      | Found a shimmering blue altar of Sif Muna.
  1595 | D:3      | Found a glowing silver altar of Zin.
  1595 | D:3      | Found a snail-covered altar of Cheibriados.
  1603 | D:3      | Found a sparkling altar of Nemelex Xobeh.
  1606 | D:3      | Found an ornate altar of the Wu Jian Council.
  1847 | D:3      | Gained mutation: You occasionally lose the ability to drink
                  | potions when taking damage. [hidden defects]
  1847 | D:3      | Lost mutation: You have hidden genetic defects. [hidden
                  | defects expressed]
  2011 | D:4      | Found an opulent altar of Gozag.
  2017 | D:4      | Noticed an ogre
  2022 | D:4      | Killed an ogre
  2023 | D:4      | Reached XP level 5. HP: 36/47 MP: 3/3
  2145 | D:4      | Found a hide-covered altar of Uskayaw.
  2157 | D:4      | Noticed Menkaure
  2188 | D:4      | Killed Menkaure
  2189 | D:4      | Reached skill level 5 in Fighting
  2189 | D:4      | Reached skill level 5 in Armour
  2189 | D:4      | Reached skill level 5 in Shields
  2189 | D:4      | Reached XP level 6. HP: 28/56 MP: 4/4
  2640 | D:2      | Bought a scroll of blinking for 75 gold pieces
  2640 | D:2      | Bought a scroll of identify for 20 gold pieces
  2640 | D:2      | Bought a scroll of revelation for 75 gold pieces
  2690 | D:5      | Entered Level 5 of the Dungeon
  2722 | D:5      | Reached XP level 7. HP: 7/59 MP: 5/5
  2723 | D:5      | Reached skill level 5 in Dodging
  2933 | D:5      | Noticed Edmund
  2940 | D:5      | Killed Edmund
  3250 | D:5      | Noticed Pikel
  3259 | D:5      | Killed Pikel
  3260 | D:5      | Reached XP level 8. HP: 41/74 MP: 6/6
  3454 | D:5      | Noticed a kobold demonologist
  3457 | D:5      | Noticed a smoke demon
  3579 | D:6      | Found a sacrificial altar of Ru.
  4493 | D:2      | Bought a scroll of teleportation for 30 gold pieces
  4681 | D:5      | Reached XP level 9. HP: 68/81 MP: 7/7
  4928 | D:2      | Bought a scroll of teleportation for 30 gold pieces
  5586 | D:6      | Reached skill level 10 in Armour
  5595 | D:6      | Reached skill level 1 in Spellcasting
  5762 | D:6      | Reached skill level 1 in Fire Magic
  5766 | D:6      | Reached skill level 1 in Evocations
  6121 | D:7      | Noticed Maggie
  6349 | D:7      | Killed Maggie
  6502 | D:7      | Found a staircase to the Ecumenical Temple.
  6607 | D:7      | Found Plog's Assorted Antiques.
  6613 | D:7      | Learned a level 2 spell: Scorch
  6619 | D:7      | Noticed Maurice
  6626 | D:7      | Something stole a +0 buckler
  6628 | D:7      | Something stole a +0 war axe
  6639 | D:7      | Something stole a boomerang
  6641 | D:7      | Something stole 130 gold
  6656 | D:7      | Noticed Duvessa
  6658 | D:7      | Noticed Dowan
  6662 | Temple   | Entered the Ecumenical Temple
  6685 | Temple   | Became a worshipper of Makhleb the Destroyer
  6948 | D:7      | Killed Dowan
  6952 | D:7      | Killed Duvessa
  7043 | D:7      | Found a runed translucent door.
  7044 | D:7      | Noticed Crazy Yiuf
  7051 | D:7      | Killed Crazy Yiuf
  7099 | D:8      | Reached skill level 1 in Throwing
  7226 | D:8      | Noticed a two-headed ogre
  7239 | D:8      | Killed a two-headed ogre
  7240 | D:8      | Reached XP level 10. HP: 37/88 MP: 10/10
  7443 | D:8      | Found a staircase to the Lair.
  7561 | D:8      | Reached skill level 5 in Throwing
  7920 | D:8      | Noticed Jeremiah
  7936 | D:8      | Killed Jeremiah
  8349 | D:8      | Reached skill level 5 in Invocations
  8616 | D:8      | Reached * piety under Makhleb
  8914 | D:9      | Noticed a four-headed hydra
  8948 | D:9      | Killed a four-headed hydra
  9204 | D:9      | Reached ** piety under Makhleb
  9227 | D:9      | Reached XP level 11. HP: 92/94 MP: 14/14
  9593 | D:10     | Entered Level 10 of the Dungeon
 10129 | D:10     | Found a staircase to the Orcish Mines.
 11917 | D:11     | Reached *** piety under Makhleb
 11977 | D:11     | Noticed a boulder beetle
 11987 | D:11     | Identified a scroll of acquirement
 11987 | D:11     | Acquired 888 gold pieces
 12183 | D:11     | Identified the +2 ring mail "Elili" {rPois Regen+ Str-5}
 12341 | D:11     | Lost mutation: You possess an exceptional clarity of mind.
                  | [potion of mutation]
 12341 | D:11     | Lost mutation: You occasionally lose the ability to drink
                  | potions when taking damage. [potion of mutation]
 12341 | D:11     | Lost mutation: Your magical capacity is low. (-10% MP)
                  | [potion of mutation]
 12341 | D:11     | Gained mutation: Your flesh is heat resistant. (rF+)
                  | [potion of mutation]
 12341 | D:11     | Gained mutation: You are frail. (-10% HP) [potion of
                  | mutation]
 12341 | D:11     | Gained mutation: You have a pair of large horns on your
                  | head. [potion of mutation]
 12473 | D:11     | Reached skill level 10 in Invocations
 12523 | D:11     | Killed a boulder beetle
 12524 | D:11     | Reached skill level 5 in Fire Magic
 13017 | D:7      | Bought a glowing robe for 111 gold pieces
 13017 | D:7      | Bought a bubbling white potion for 27 gold pieces
 13615 | D:12     | Noticed a white ugly thing
 13627 | D:12     | Killed a white ugly thing
 14466 | D:13     | Found a transporter.
 14468 | D:13     | Noticed a skeletal warrior
 14468 | D:13     | Noticed Bilof's ghost (journeyman HOFi)
 14468 | D:13     | Noticed a deep elf pyromancer
 14468 | D:13     | Noticed a death knight
 14473 | D:13     | Killed a deep elf pyromancer
 14558 | D:13     | Found a transporter.
 14584 | D:13     | Noticed a purple ugly thing
 14588 | D:13     | Noticed a five-headed hydra
 14590 | D:13     | Killed a purple ugly thing
 14591 | D:13     | Reached XP level 12. HP: 53/90 MP: 18/18
 14591 | D:13     | Noticed a boulder beetle
 14613 | D:13     | Noticed a tengu warrior
 14614 | D:13     | Noticed a tengu warrior
 14630 | D:13     | Noticed a centaur warrior
 14656 | D:13     | Reached skill level 10 in Shields
 14664 | D:13     | Reached skill level 5 in Axes
 14909 | D:14     | Noticed a centaur warrior
 14922 | D:14     | Killed a centaur warrior
 14922 | D:14     | Reached **** piety under Makhleb
 15499 | D:14     | Acquired the +0 kite shield "Raetzunga" {Regen+}
 15754 | D:13     | Noticed a fire dragon
 15823 | D:14     | Mangled by a tengu warrior

Illustrated notes

Levels and vault maps discovered:
D:1:      roderic_crop_circles_arrival_small, layout_basic,
          basic_ecumenical_altar
D:2:      minmay_wonky_spiral, layout_basic, serial_shops, shop, shop
D:3:      layout_basic, minmay_overflow_temple_star_hex, nicolae_grassy_gnolls
D:4:      layout_gridville, nicolae_gozag_seed_capital, amcnicky_altar_gilded,
          corexii_checkpoint, uniq_menkaure
D:5:      layout_loops_corners, minmay_manual_monstrance, uniq_pikel,
          uniq_edmund
D:6:      layout_gridville, nicolae_ru_great_annihilating_truth,
          kennysheep_generic_room_6
D:7:      layout_cave_pools, minmay_temple_entry_statues_pillars, serial_shops,
          nicolae_shop_gibbet_a_chance, uniq_duvessa, uniq_crazy_yiuf_cottage,
          uniq_maggie, uniq_maurice
D:8:      minmay_razor_zed, layout_gridville, uniq_jeremiah
D:9:      layout_roguey, abandoned_shop, minmay_unpleasant_kobolds
D:10:     layout_layer_cave, david_orc_2, serial_bayou, serial_bayou_lagoon_a,
          serial_bayou_pond_a, serial_bayou_shore_b, serial_bayou_crossing
D:11:     layout_loops_ring
D:12:     layout_grid_maze
D:13:     layout_basic, david_vaults_5, gammafunk_ghost_mausoleum, serial_shops,
          shop_fountains, nicolae_concentric_dashed_squares_wild
D:14:     layout_loops_ring, infiniplex_staircase_hallway_doors
Temple:   nicolae_temple_superstar

Skill      XL: |  1  2  3  4  5  6  7  8  9 10 11 12 |
---------------+-------------------------------------+-----
Dodging        | 1 2 4 6 |  6.0
Shields        | 4 5 9 10 | 10.0
Fighting       | 4 5 8 |  8.0
Axes           | 3 4 8 |  8.9
Armour         | 4 5 6 9 10 | 10.0
Spellcasting   | 2 3 |  3.0
Fire Magic     | 4 5 |  5.0
Evocations     | 4 |  4.0
Throwing       | 4 6 |  6.0
Invocations    | 7 10 | 10.0

Action                     |  1- 3 |  4- 6 |  7- 9 | 10-12 || total
---------------------------+-------+-------+-------+-------++-------
  Melee: War axe           |    70 |    58 |   141 |       ||   269
         Headbutt          |     8 |     7 |    40 |    70 ||   125
         Battleaxe         |       |       |    76 |   375 ||   451
         Unarmed           |       |       |       |    14 ||    14
  Throw: Dart              |       |       |    17 |    30 ||    47
         Boomerang         |       |       |     1 |       ||     1
   Cast: Scorch            |       |       |     1 |     3 ||     4
  Evoke: Wand              |       |       |       |     7 ||     7
    Use: Scroll            |     5 |     4 |     4 |    24 ||    37
         Potion            |     1 |     2 |       |     9 ||    12
   Stab: Paralysed         |       |       |     1 |       ||     1
 Armour: Scale mail        |    48 |    50 |   196 |   423 ||   717
         Plate armour      |       |       |       |   105 ||   105
         Skin              |       |       |       |    23 ||    23
  Dodge: Dodged            |    43 |    41 |   197 |   586 ||   867
  Block: Buckler           |    17 |    23 |    40 |       ||    80
